 Dungeon Crawl Stone Soup version 0.31-a0-986-g5e6e4ef867 (webtiles) character file.

Game seed: 15466868540275468282

58 croobank the Chiller (level 3, -4/28 HPs)
             Began as a Demigod Ice Elementalist on Nov 20, 2023.
             Slain by Grinder (10 damage)
             ... on level 3 of the Dungeon.
             The game lasted 00:04:28 (1274 turns).

croobank the Chiller (Demigod Ice Elementalist)     Turns: 1274, Time: 00:04:28

Health: -4/28      AC:  2    Str:  9    XL:     3   Next: 52%
Magic:  5/8        EV: 13    Int: 21    God:
Gold:   62         SH:  0    Dex: 20    Spells: 5/6 levels left

rFire   + . .        d - +1 short sword (venom)
rCold   + . .        (no shield)
rNeg    . . .        a - +0 robe
rPois   +            (no helmet)
rElec   +            (no cloak)
rCorr   +            (no gloves)
SInv    .            (no boots)
Will    .....        (no amulet)
Stlth   ++           o - +6 ring of dexterity
HPRegen 0.24/turn    (no ring)
MPRegen 0.11/turn

%: no passive effects
@: resistant
A: high MP 1, forlorn, divine attributes
a: no special abilities


You were on level 3 of the Dungeon.
You visited 1 branch of the dungeon, and saw 3 of its levels.

You collected 62 gold pieces.

Inventory:

Hand Weapons
 c - a +0 spear
 d - a +1 short sword of venom (weapon)
 k - a +0 long sword
 q - a +2 dagger of speed
Missiles
 i - 2 javelins
 l - 4 poisoned darts
Armour
 a - a +0 robe (worn)
Jewellery
 o - a +6 ring of dexterity (left hand)
Scrolls
 e - a scroll of fear {unknown}
 h - a scroll of amnesia {unknown}
 j - 2 scrolls of summoning {unknown}
 m - 2 scrolls of identify {unknown}
 p - a scroll of vulnerability {unknown}
Potions
 b - a potion of magic
 g - a potion of might {unknown}
 n - 2 potions of invisibility {unknown}


   Skills:
 + Level 1.1 Fighting
 * Level 0.0 Short Blades
 + Level 2.2 Dodging
 + Level 2.4 Stealth
 + Level 2.2 Spellcasting
 + Level 3.9 Ice Magic


You had 5 spell levels left.
You knew the following spells:

 Your Spells              Type           Power      Damage    Failure   Level
a - Freeze                Ice            72%        1d8       2%          1

Your spell library contained the following spells:

 Spells                   Type           Power      Damage    Failure   Level
 Frozen Ramparts          Ice            36%        1d6       9%          3
 Ozocubu's Armour         Ice            18%        N/A       9%          3
 Summon Ice Beast         Ice/Summ       10%        N/A       54%         4


Dungeon Overview and Level Annotations

Branches:
Dungeon (3/15)

Annotations:
D:3 Grinder


Innate Abilities, Weirdness & Mutations

You have an increased reservoir of magic. (+10% MP)
You shall have no god before yourself.
Your divine heritage dramatically boosts your attributes as you level up.


Message History

You can't see any susceptible monsters within range! (Use Z to cast anyway.) Grinder gestures at you.
You barely resist.
Casting: Freeze (safe; 2% risk of failure)
Confirm with . or Enter, or press ? or * to list all spells.
Aiming: Freeze (safe; 2% risk of failure)
Press: ? - help, Shift-Dir - straight line, f - Grinder
Aim: Grinder You freeze Grinder.
Grinder resists.
Grinder is lightly wounded.
Grinder blinks!
You hit Grinder.
Grinder is lightly wounded.
Grinder hits you.
You writhe in agony.
* * * LOW HITPOINT WARNING * * *
Casting: Freeze (safe; 2% risk of failure)
Confirm with . or Enter, or press ? or * to list all spells.
Aiming: Freeze (safe; 2% risk of failure)
Press: ? - help, Shift-Dir - straight line, f/p - Grinder
Aim: Grinder (lightly wounded)
You freeze Grinder.
Grinder resists.
Grinder is lightly wounded.
Grinder completely misses you.
Okay, then.
Casting: Freeze (safe; 2% risk of failure)
Confirm with . or Enter, or press ? or * to list all spells.
Okay, then.
Casting: Freeze (safe; 2% risk of failure)
Confirm with . or Enter, or press ? or * to list all spells.
Aiming: Freeze (safe; 2% risk of failure)
Press: ? - help, Shift-Dir - straight line, f/p - Grinder
Aim: Grinder (lightly wounded)
You freeze Grinder.
Grinder resists.
Grinder is lightly wounded.
Grinder misses you.
It was a potion of resistance.
You feel protected. Grinder hits you!
You die...
Grinder says, "Now the real fun starts!"

....## ..... #####
..... ....# ...#
#...# #..# #...#
#####..#######...##
#......##...##....#
#.###..#..8..#..#
##+#...........5@..#
......##############
....<.# ......#
......# ......#
#####.# #.# ..#


You could see Grinder.

Vanquished Creatures
  2 adders (D:2)
  A worm (D:2)
  A dart slug (D:1)
  5 ball pythons (D:1)
  7 endoplasms
  A giant cockroach (D:2)
  2 goblins (D:2)
  3 hobgoblins
  A quokka (D:1)
  4 bats
  2 frilled lizards
  3 kobolds
  3 rats
35 creatures vanquished.

Notes
Turn   | Place    | Note
-------+----------+-------------------------------------------
     0 | D:1      | croobank the Demigod Ice Elementalist began the quest for
                  | the Orb.
     0 | D:1      | Reached XP level 1. HP: 14/14 MP: 5/5
   164 | D:1      | Reached XP level 2. HP: 21/22 MP: 5/7
   682 | D:2      | Reached skill level 1 in Fighting
   682 | D:2      | Reached XP level 3. HP: 22/28 MP: 5/8
  1257 | D:3      | Noticed Grinder
  1274 | D:3      | Slain by Grinder

Illustrated notes

Levels and vault maps discovered:
D:1:      nicolae_arrival_memento_mori, layout_rooms
D:2:      layout_rooms, basic_altar
D:3:      layout_basic, nicolae_overflow_quartered_altars, serial_shops,
          nicolae_shop_stone, mrwooster_statue_mirror, uniq_jessica,
          uniq_grinder, uniq_robin

Skill      XL: |  1  2 |
---------------+-------+-----
Stealth        | 2 |  2.4
Dodging        | 2 |  2.2
Spellcasting   | 2 |  2.2
Fighting       | 1 |  1.1
Ice Magic      | |  3.9

Action                     || total
---------------------------++-------
  Melee: Short sword       ||    73
         Punch             ||     2
   Cast: Freeze            ||    24
    Use: Potion            ||     1
   Stab: Sleeping          ||     4
 Armour: Robe              ||    30
  Dodge: Dodged            ||    53

Table legend: (Time is in decaauts)
 A = Elapsed time spent in this place.
 B = Non-inter-level travel time spent in this place.
 C = Inter-level travel time spent in this place.
 D = Time resting spent in this place.
 E = Time spent auto-exploring this place.
 F = Levels seen in this place.
 G = Mean time per level.
                   A        B        C        D        E       F      G
               +--------+--------+--------+--------+--------+-----+--------+
         Total |   1272 |   1232 |     40 |    107 |    805 |   3 |  424.0 |
       Dungeon |   1272 |   1232 |     40 |    107 |    805 |   3 |  424.0 |
               +--------+--------+--------+--------+--------+-----+--------+

Top non-repeatable levels by time:
     D:2: 681 daAuts
     D:1: 558 daAuts
     D:3: 32 daAuts
